 Dungeon Crawl Stone Soup version 0.28.0-1-gb440e238dd (webtiles) character file.

Game seed: 13651638492225158330

104 RascalDebosk the Fighter (level 4, -12/45 HPs)
             Began as a Gnoll Wanderer on Feb 27, 2022.
             Mangled by an ogre (14 damage)
             ... on level 4 of the Dungeon.
             The game lasted 00:18:18 (2430 turns).

RascalDebosk the Fighter (Gnoll Wanderer)           Turns: 2430, Time: 00:18:19

Health: -12/45     AC: 10    Str: 10    XL:     4   Next: 80%
Magic:  14/14      EV:  8    Int: 10    God:
Gold:   97         SH:  0    Dex: 16    Spells: 5/5 levels left

rFire   . . .      SeeInvis .   a - +3 hand axe
rCold   . . .      Faith    .   (no shield)
rNeg    . . .      Spirit   .   h - +0 scale mail
rPois   .          Reflect  .   k - +3 helmet of the Cobbler {Will++ rCorr MP+9 Stlth-}
rElec   .          Harm     .   (no cloak)
rCorr   +          Rampage  .   (no gloves)
Will    ++...                   (no boots)
Stlth   ..........              (no amulet)
HPRegen 0.15/turn               (no ring)
MPRegen 0.14/turn               (no ring)

@: no status effects
A: fangs 1, strong nose, distributed training
a: no special abilities


You were on level 4 of the Dungeon.
You visited 1 branch of the dungeon, and saw 3 of its levels.

You collected 97 gold pieces.

Inventory:

Hand Weapons
 a - a +3 hand axe (weapon)
 b - a +0 short sword
Missiles
 e - 16 stones (quivered)
 i - 28 arrows
 j - 25 bolts
Armour
 c - a +0 robe
 h - a +0 scale mail (worn)
 k - the +3 helmet of the Cobbler (worn) {Will++ rCorr MP+9 Stlth-}
   (You found it on level 2 of the Dungeon)

   MP:        It affects your magic capacity (+9).
   rCorr:     It protects you from acid and corrosion.
   Will:      It greatly increases your willpower.
   Stlth:     It makes you less stealthy.
Jewellery
 f - a ring of positive energy
Scrolls
 l - a scroll of identify
Potions
 d - a potion of ambrosia {unknown}


   Skills:
 + Level 8.6 Fighting
 + Level 4.7 Short Blades
 + Level 1.2 Long Blades
 + Level 4.7 Axes
 + Level 1.2 Maces & Flails
 + Level 1.2 Polearms
 + Level 1.2 Staves
 + Level 1.2 Slings
 + Level 1.2 Bows
 + Level 1.2 Crossbows
 + Level 2.8 Throwing
 + Level 1.2 Armour
 + Level 1.2 Dodging
 + Level 2.6 Stealth
 + Level 1.2 Shields
 + Level 1.2 Unarmed Combat
 + Level 1.2 Spellcasting
 + Level 1.0 Conjurations
 + Level 1.0 Hexes
 + Level 1.0 Summonings
 + Level 1.0 Necromancy
 + Level 1.0 Translocations
 + Level 1.0 Transmutations
 + Level 1.0 Fire Magic
 + Level 1.0 Ice Magic
 + Level 1.0 Air Magic
 + Level 1.0 Earth Magic
 + Level 1.0 Poison Magic
 + Level 1.3 Invocations
 + Level 1.2 Evocations


You had 5 spell levels left.
You didn't know any spells.
Your spell library contained the following spells:

 Spells                   Type           Power      Damage    Failure   Level
 Corpse Rot               Necr/Air       4%         N/A       92%         2
 Dispel Undead            Necr           2%         3d7       100%        4
 Death Channel            Necr           1%         N/A       100%        6


Dungeon Overview and Level Annotations

Branches:
Dungeon (2/15)

Altars:


Innate Abilities, Weirdness & Mutations

You have very sharp teeth.
Your uncanny sense of smell can sniff out nearby items.
Your experience applies equally to all skills.


Message History

There is an open gate here.
Unknown command.
You hear the rusting of a very distant drain.
There is an open gate here.
You open the gate.
There is an open gate here.
An ogre comes into view. It is wielding a +0 giant spiked club.
Throw: 3 darts (poison)
Press: ? - help, Q - select action, (/) - cycle Shift-Dir - straight line, f - ogre
Aim: an ogre, wielding a +0 giant spiked club (78% to hit)
You throw a poisoned dart. The poisoned dart hits the ogre.
The ogre is poisoned.
There is an open gate here.
The ogre looks more healthy.
Throw: 2 darts (poison)
Press: ? - help, Q - select action, (/) - cycle Shift-Dir - straight line, f/p - ogre
Aim: an ogre, wielding a +0 giant spiked club (lightly wounded, 78% to hit)
You throw a poisoned dart. The poisoned dart hits the ogre.
The ogre is poisoned.
The ogre is lightly wounded.
The ogre closely misses you.
The ogre looks more healthy.
You hear the rusting of a very distant drain.
You hit the ogre.
The ogre is moderately wounded.
The ogre hits you with a +0 giant spiked club!
The ogre hits you with a +0 giant spiked club!
Why would you want to do that? Why would you want to do that?
Throw: dart (poison)
Press: ? - help, Q - select action, (/) - cycle Shift-Dir - straight line, f/p - ogre
Aim: an ogre, wielding a +0 giant spiked club (moderately wounded, 78% to hit)
You throw a poisoned dart. The poisoned dart hits the ogre!
The ogre is poisoned.
The ogre is moderately wounded.
The ogre hits you with a +0 giant spiked club!!
Ouch! That really hurt!
* * * LOW HITPOINT WARNING * * *
The ogre hits you with a +0 giant spiked club!
You die...

###....≈≈## ##≈≈....#.##.....
#.'....≈## ##≈....+.# ####
#.'...≈≈# #≈≈...+.# #.'....≈##
##≈....+.# #.#....≈≈##
##≈≈....#.# #.#⌠....≈≈##
##≈≈....⌠#.#
#.##.....≈≈###≈≈.....##.#######
#..##.....≈≈≈≈≈.....##.........
##..##......≈.@....##...######.
..(##......O....##..........
....##.........##.##...######
.....##⌠.....⌠##.............
......###'''###....##.#######
....... #..........#..# #
#.#..## #####........## #
#.......### #.......#


You could see an ogre (very poisoned).

Vanquished Creatures
  A centaur skeleton (D:4)
  Jessica (D:2)
  An adder (D:4)
  2 adder skeletons (D:4)
  A worm (D:2)
  A dart slug (D:1)
  4 ball pythons
  3 endoplasms
  7 goblins
  2 hobgoblins (D:2)
  A quokka (D:1)
  A bat (D:1)
  A frilled lizard (D:2)
  4 kobolds
  A rat (D:2)
31 creatures vanquished.

Notes
Turn   | Place    | Note
-------+----------+-------------------------------------------
     0 | D:1      | RascalDebosk the Gnoll Wanderer began the quest for the
                  | Orb.
     0 | D:1      | RascalDebosk set off with the following items: a +3 hand
                  | axe, a +0 short sword, a +0 robe
     0 | D:1      | Reached XP level 1. HP: 26/26 MP: 1/1
   978 | D:1      | Reached XP level 2. HP: 33/33 MP: 2/2
  1382 | D:2      | Found a faded altar of an unknown god.
  1516 | D:2      | Identified the +3 helmet of the Cobbler {Will++ rCorr MP+9
                  | Stlth-}
  1688 | D:2      | Reached XP level 3. HP: 37/38 MP: 3/3
  1872 | D:2      | Noticed Jessica
  1883 | D:2      | Killed Jessica
  1884 | D:2      | Reached skill level 1 in Long Blades
  1884 | D:2      | Reached skill level 1 in Maces & Flails
  1884 | D:2      | Reached skill level 1 in Polearms
  1884 | D:2      | Reached skill level 1 in Staves
  1884 | D:2      | Reached skill level 1 in Slings
  1884 | D:2      | Reached skill level 1 in Bows
  1884 | D:2      | Reached skill level 1 in Crossbows
  1884 | D:2      | Reached skill level 1 in Armour
  1884 | D:2      | Reached skill level 1 in Dodging
  1884 | D:2      | Reached skill level 1 in Shields
  1884 | D:2      | Reached skill level 1 in Unarmed Combat
  1884 | D:2      | Reached skill level 1 in Spellcasting
  1884 | D:2      | Reached skill level 1 in Invocations
  1884 | D:2      | Reached skill level 1 in Evocations
  2119 | D:2      | Reached XP level 4. HP: 39/45 MP: 5/5
  2212 | D:2      | You fall into a shaft and drop 2 floors!
  2303 | D:4      | Reached skill level 1 in Conjurations
  2303 | D:4      | Reached skill level 1 in Hexes
  2303 | D:4      | Reached skill level 1 in Summonings
  2303 | D:4      | Reached skill level 1 in Necromancy
  2303 | D:4      | Reached skill level 1 in Translocations
  2303 | D:4      | Reached skill level 1 in Transmutations
  2303 | D:4      | Reached skill level 1 in Fire Magic
  2303 | D:4      | Reached skill level 1 in Ice Magic
  2303 | D:4      | Reached skill level 1 in Air Magic
  2303 | D:4      | Reached skill level 1 in Earth Magic
  2303 | D:4      | Reached skill level 1 in Poison Magic
  2390 | D:4      | Noticed an ogre
  2429 | D:4      | HP: 2/45 [ogre (23)]
  2430 | D:4      | Mangled by an ogre

Illustrated notes

Levels and vault maps discovered:
D:1:      sevenhm_arrival_forest_fort_large_4, layout_basic
D:2:      layout_basic, basic_ecumenical_altar, uniq_jessica, uniq_robin
D:4:      layout_rooms, elyvilon_altar_3, serial_shops,
          nicolae_shop_advertising_works [nicolae_subvault_shop_adworks],
          gup_sewer_entry_pipe, minmay_misc_feat_doors, kennysheep_donut,
          uniq_grinder

Skill      XL: |  1  2  3  4 |
---------------+-------------+-----
Long Blades    | 1 |  1.2
Maces & Flails | 1 |  1.2
Polearms       | 1 |  1.2
Staves         | 1 |  1.2
Slings         | 1 |  1.2
Bows           | 1 |  1.2
Crossbows      | 1 |  1.2
Armour         | 1 |  1.2
Dodging        | 1 |  1.2
Shields        | 1 |  1.2
Unarmed Combat | 1 |  1.2
Spellcasting   | 1 |  1.2
Invocations    | 1 |  1.3
Evocations     | 1 |  1.2
Conjurations   | 1 |  1.0
Hexes          | 1 |  1.0
Summonings     | 1 |  1.0
Necromancy     | 1 |  1.0
Translocations | 1 |  1.0
Transmutations | 1 |  1.0
Fire Magic     | 1 |  1.0
Ice Magic      | 1 |  1.0
Air Magic      | 1 |  1.0
Earth Magic    | 1 |  1.0
Poison Magic   | 1 |  1.0
Fighting       | |  8.6
Short Blades   | |  4.7
Axes           | |  4.7
Throwing       | |  2.8
Stealth        | |  2.6

Action                   |  1- 3 |  4- 6 || total
-------------------------+-------+-------++-------
Melee: Hand axe          |    70 |    30 ||   100
       Bite              |     4 |     5 ||     9
       Punch             |       |     2 ||     2
Throw: Dart              |    14 |     3 ||    17
  Use: Scroll            |       |     2 ||     2
 Stab: Sleeping          |     2 |       ||     2
Armor: Robe              |     6 |       ||     6
       Scale mail        |    13 |    16 ||    29
Dodge: Dodged            |    28 |    17 ||    45
